 Dungeon Crawl Stone Soup version 0.29-a0-330-g52719c12eb (webtiles) character file.

Game seed: 11785803878986249385

126 Crownlay the Digger (level 5, -7/29 (31) HPs)
             Began as an Octopode Earth Elementalist on May 9, 2022.
             Mangled by a wight
             ... wielding a +4 great sword of freezing
              (16 damage)
             ... on level 3 of the Dungeon.
             The game lasted 00:06:45 (3902 turns).

Crownlay the Digger (Octopode Earth Elementalist)   Turns: 3902, Time: 00:06:46

HP:   -7/29 (31)    AC:  1    Str:  7    XL:     5   Next: 9%
MP:   1/9           EV: 13    Int: 19    God:
Gold: 256           SH:  0    Dex: 19    Spells: 1/9 levels left

rFire   . . .      SeeInvis .   s - +4 dagger
rCold   . . .      Faith    .   (no shield)
rNeg    . . .      Spirit   .   (helmet restricted)
rPois   .          Reflect  .   (no amulet)
rElec   .          Harm     .   j - +6 ring of dexterity
rCorr   .          Rampage  .   (no ring)
Will    .....                   (no ring)
Stlth   +++.......              (no ring)
HPRegen 0.09/turn               (no ring)
MPRegen 0.11/turn               (no ring)
                                (no ring)
                                (no ring)

@: very slightly contaminated, drained
A: almost no armour, amphibious, 8 rings, camouflage 1, gelatinous body 1,
(nimble swimmer 1), tentacles
a: no special abilities


You were on level 3 of the Dungeon.
You visited 1 branch of the dungeon, and saw 4 of its levels.

You collected 256 gold pieces.

Inventory:

Hand Weapons
 s - a +4 dagger (weapon)
Missiles
 a - 88 stones
 f - a throwing net
Jewellery
 j - a +6 ring of dexterity (left tentacle)
Scrolls
 d - a scroll of magic mapping
 g - a scroll of silence
 h - 2 scrolls of holy word
 k - a scroll of teleportation
 l - a scroll of fog
 n - a scroll of summoning
 o - a scroll of torment {unknown}
 r - a scroll of enchant armour
 u - a scroll of immolation {unknown}
 v - a scroll of acquirement {unknown}
Potions
 b - a potion of magic
 c - a potion of degeneration {unknown}
 e - a potion of flight {unknown}
 i - a potion of might {unknown}
 m - a potion of mutation {unknown}
 p - a potion of heal wounds {unknown}
 q - a potion of ambrosia {unknown}
 t - a potion of brilliance {unknown}


   Skills:
 - Level 2.0 Dodging
 - Level 2.6 Stealth
 + Level 2.9 Spellcasting
 + Level 1.3 Conjurations
 + Level 1.5 Transmutations
 * Level 4.5 Earth Magic


You had one spell level left.
You knew the following spells:

 Your Spells              Type           Power      Damage    Failure   Level
a - Sandblast             Erth           40%        2d10      2%          1
b - Stone Arrow           Conj/Erth      28%        3d8       14%         3
c - Petrify               Tmut/Erth      14%        N/A       41%         4

Your spell library contained the following spells:

 Spells                   Type           Power      Damage    Failure   Level
 Pain                     Necr           8%         1d4       16%         1
 Slow                     Hex            8%         N/A       16%         1
 Passwall                 Tmut/Erth      11%        N/A       7%          2
 Confusing Touch          Hex            2%         N/A       43%         3
 Vampiric Draining        Necr           2%         2d6       43%         3
 Agony                    Necr           2%         N/A       99%         5
 Excruciating Wounds      Necr           1%         N/A       99%         5
 Metabolic Englaciation   Hex/Ice        1%         N/A       99%         5
 Statue Form              Tmut/Erth      9%         N/A       100%        6


Dungeon Overview and Level Annotations

Branches:
Dungeon (4/15)
 Temple: D:4-7

Altars:
Ashenzari
Zin


Innate Abilities, Weirdness & Mutations

You cannot wear most types of armour.
You are amphibious.
You can wear up to eight rings at the same time.
Your skin changes colour to match your surroundings (Stealth+).
Your rubbery body absorbs attacks. (AC +1, EV +1)
((You are camouflaged when in or above water. (Stealth+)))
You have tentacles for arms and can constrict up to eight enemies at once.


Message History

The spell is quite dangerous to miscast (14% risk of failure)!
Continue anyway?
Aiming: Stone Arrow (quite dangerous; 14% risk of failure)
Press: ? - help, Shift-Dir - straight line, f - wight
Aim: a wight, wielding a +4 great sword of freezing and wearing a +0 robe (68% to hit)
The stone arrow hits the wight.
The wight is moderately damaged.
Casting: Stone Arrow (quite dangerous; 14% risk of failure)
Confirm with . or Enter, or press ? or * to list all spells.
The spell is quite dangerous to miscast (14% risk of failure)!
Continue anyway?
Aiming: Stone Arrow (quite dangerous; 14% risk of failure)
Press: ? - help, Shift-Dir - straight line, f/p - wight
Aim: a wight, wielding a +4 great sword of freezing and wearing a +0 robe (moderately damaged, 68% to hit)
You miscast Stone Arrow.
You are very lightly contaminated with residual magic.
Nothing appears to happen.
The wight barely misses you.
There is a stone staircase leading up here.
The wight barely misses you.
You climb upwards.
There is a stone staircase leading down here.
Casting: Stone Arrow (quite dangerous; 14% risk of failure)
Confirm with . or Enter, or press ? or * to list all spells.
You don't have enough magic to cast this spell.
Casting: Stone Arrow (quite dangerous; 14% risk of failure)
Confirm with . or Enter, or press ? or * to list all spells.
You don't know that spell.
Casting: Stone Arrow (quite dangerous; 14% risk of failure)
Confirm with . or Enter, or press ? or * to list all spells.
The spell is quite dangerous to miscast (14% risk of failure)!
Continue anyway?
Aiming: Stone Arrow (quite dangerous; 14% risk of failure)
Press: ? - help, Shift-Dir - straight line, f - wight
Aim: a wight, wielding a +4 great sword of freezing and wearing a +0 robe (moderately damaged, 68% to hit)
You miscast Stone Arrow.
Nothing appears to happen.
The wight hits you with a +4 great sword of freezing!
You feel drained. The wight freezes you.
Okay, then.
Okay, then.
The wight attacks as you move away!
The wight hits you with a +4 great sword of freezing!
Ouch! That really hurt!
You die...

##........# #.# #.......<..
##.#####..# #.# ########.#. #.#
#..### #.####### #.## #.# #....#
#.......# #.## #.# #...##
#####.### #.# ##.# ##'## #.####
#.# #..#### #.# #....# #.#
......###.### #####>##.#######.#
#.##.......)# #.@z..........##.#
#.##..##....# #.#.###.###.#..#.##
#.##..#.....###.#...#.#...#...<..
#.....##........###.#.#.###..#.##
#####.###.####....#.#.#.#....#...
# #.# #.# #.._........._.##### #
###.# #.# #....#.#.#.#...#####
###...# #.# ##.###.#.#.###.)....
....### #.# #.#..[#.#...#.#####


You could see a wight.

Vanquished Creatures
  An iguana (D:4)
  A gnoll (D:2)
  3 adders
  A worm (D:2)
  4 dart slugs
  9 ball pythons
  7 endoplasms
  4 goblins
  4 hobgoblins
  4 quokkas
  8 bats
  A frilled lizard (D:1)
  5 kobolds
  5 rats (D:1)
57 creatures vanquished.

Vanquished Creatures (others)
  A plant (D:1)
1 creature vanquished.

Grand Total: 58 creatures vanquished

Notes
Turn   | Place    | Note
-------+----------+-------------------------------------------
     0 | D:1      | Crownlay the Octopode Earth Elementalist began the quest
                  | for the Orb.
     0 | D:1      | Reached XP level 1. HP: 11/11 MP: 3/3
   251 | D:1      | Reached XP level 2. HP: 6/17 MP: 1/5
   983 | D:1      | Reached XP level 3. HP: 21/21 MP: 6/6
   987 | D:1      | Learned a level 3 spell: Stone Arrow
  1250 | D:2      | HP: 1/21 [ball python (3)]
  1542 | D:2      | Reached skill level 4 in Earth Magic
  1692 | D:2      | Reached XP level 4. HP: 12/27 MP: 4/8
  2152 | D:2      | Reached skill level 1 in Conjurations
  2858 | D:3      | Found a broken altar of Ashenzari.
  2945 | D:3      | Found a glowing silver altar of Zin.
  3746 | D:4      | Reached XP level 5. HP: 19/31 MP: 9/9
  3751 | D:4      | Learned a level 4 spell: Petrify
  3902 | D:3      | Mangled by a wight

Illustrated notes

Levels and vault maps discovered:
D:1:      evilmike_arrival_crescent, layout_loops_ring, serial_bayou_lake_a
D:2:      layout_rooms, minmay_indecisive_spiral
D:3:      layout_loops_corners, mainiacjoe_overflow_large_starburst,
          serial_co_window_serial, co_window_paths_a,
          co_window_of_opportunity_a, co_window_paths_a, co_window_paths_b,
          co_window_paths_a, co_window_2corner, co_window_broadway_b,
          co_window_broadway_b, co_window_2corner, co_window_unsneaky_path_d,
          co_window_corner_b, kennysheep_another_room, palyth_stone_intersect
D:4:      layout_loops_ring, nicolae_ru_sacrificial_ziggurat,
          minmay_misc_feat_five, hex_large, uniq_grinder, uniq_natasha,
          uniq_crazy_yiuf_cottage

Skill      XL: |  1  2  3  4 |
---------------+-------------+-----
Earth Magic    | 4 |  4.5
Conjurations   | 1 |  1.3
Dodging        | |  2.0
Stealth        | |  2.6
Spellcasting   | |  2.9
Transmutations | |  1.5

Action                   |  1- 3 |  4- 6 || total
-------------------------+-------+-------++-------
Melee: Dagger            |    69 |    32 ||   101
       Constrict         |    15 |     9 ||    24
       Tentacles         |    12 |     9 ||    21
 Cast: Sandblast         |     8 |       ||     8
       Stone Arrow       |       |     1 ||     1
  Use: Scroll            |     4 |     6 ||    10
 Stab: Sleeping          |     8 |     9 ||    17
Armor: Skin              |     5 |     2 ||     7
Dodge: Dodged            |    45 |    19 ||    64

Table legend: (Time is in decaauts)
 A = Elapsed time spent in this place.
 B = Non-inter-level travel time spent in this place.
 C = Inter-level travel time spent in this place.
 D = Time resting spent in this place.
 E = Time spent auto-exploring this place.
 F = Levels seen in this place.
 G = Mean time per level.
                   A        B        C        D        E       F      G
               +--------+--------+--------+--------+--------+-----+--------+
         Total |   3899 |   3787 |    112 |      0 |   3333 |   4 |  974.8 |
       Dungeon |   3899 |   3787 |    112 |      0 |   3333 |   4 |  974.8 |
               +--------+--------+--------+--------+--------+-----+--------+

Top non-repeatable levels by time:
     D:1: 1505 daAuts
     D:3: 1250 daAuts
     D:2: 979 daAuts
     D:4: 163 daAuts
